 Dungeon Crawl Stone Soup version 0.28.0-49-g6dfe1f597d (webtiles) character file.

Game seed: 981867347533099273

108 Descartes the Cudgeller (level 4, 0/41 HPs)
             Began as a Troll Warper on May 15, 2022.
             Slain by Terence
             ... wielding a +2 short sword of speed
              (3 damage)
             ... on level 3 of the Dungeon.
             The game lasted 00:02:38 (2195 turns).

Descartes the Cudgeller (Troll Warper)              Turns: 2195, Time: 00:02:39

Health: 0/41       AC:  4    Str: 21    XL:     4   Next: 58%
Magic:  4/4        EV:  9    Int:  9    God:
Gold:   176        SH:  0    Dex:  9    Spells: 5/5 levels left

rFire   . . .      SeeInvis .   a - +0 mace
rCold   . . .      Faith    .   (no shield)
rNeg    . . .      Spirit   .   b - +0 robe
rPois   .          Reflect  .   (helmet restricted)
rElec   .          Harm     .   (no cloak)
rCorr   .          Rampage  .   (gloves unavailable)
Will    .....                   (boots unavailable)
Stlth   +.........              (no amulet)
HPRegen 0.93/turn               (no ring)
MPRegen 0.09/turn               (no ring)

@: no status effects
A: large, unfitting armour, claws 3, regeneration 1, shaggy fur 1, tough skin 1
a: no special abilities


You were on level 3 of the Dungeon.
You visited 1 branch of the dungeon, and saw 3 of its levels.

You collected 176 gold pieces.

Inventory:

Hand Weapons
 a - a +0 mace (weapon)
Missiles
 d - 5 boomerangs of dispersal (quivered)
 f - 3 javelins
 g - 105 stones
 k - 2 poisoned darts
Armour
 b - a +0 robe (worn)
Scrolls
 c - a scroll of blinking
 e - a scroll of magic mapping {unknown}
 i - 2 scrolls of identify {unknown}
 j - a scroll of fog {unknown}
 m - a scroll of amnesia {unknown}
 n - a scroll of noise {unknown}
 p - a scroll of holy word {unknown}
Potions
 h - 2 potions of haste {unknown}
 l - a potion of curing {unknown}
 o - a potion of brilliance {unknown}


   Skills:
 - Level 1.5 Fighting
 + Level 4.4 Maces & Flails
 - Level 0.8 Throwing
 - Level 1.9 Dodging
 - Level 1.2 Spellcasting
 - Level 2.1 Translocations


You had 5 spell levels left.
You didn't know any spells.
Your spell library contained the following spells:

 Spells                   Type           Power      Damage    Failure   Level
 Blink                    Tloc           8%         N/A       22%         2
 Magic Dart               Conj           0%         1d3       36%         1
 Gell's Gravitas          Tloc           4%         N/A       41%         3
 Lesser Beckoning         Tloc           4%         N/A       41%         3
 Teleport Other           Tloc           4%         N/A       41%         3
 Call Imp                 Summ           0%         N/A       50%         2
 Mephitic Cloud           Conj/Pois/Air  0%         N/A       73%         3
 Manifold Assault         Tloc           4%         N/A       99%         5


Dungeon Overview and Level Annotations

Branches:
Dungeon (3/15)

Altars:

Shops:
D:1 (

Annotations:
D:3 Terence


Innate Abilities, Weirdness & Mutations

You are too large for most types of armour.
You have claws for hands.
Your natural rate of healing is unusually fast.
You are covered in fur. (AC +1)
You have tough skin. (AC +1)


Message History

Terence shouts!
Terence hits you with a +2 short sword of speed.
You completely miss Terence.
Terence hits you with a +2 short sword of speed. x2
You sock Terence!
Terence is moderately wounded.
Terence hits you with a +2 short sword of speed.
Terence hits you with a +2 short sword of speed!
You are too injured to fight recklessly!
You are too injured to fight recklessly!
You are too injured to fight recklessly!
You are too injured to fight recklessly!
You are too injured to fight recklessly!
You are too injured to fight recklessly!
You are too injured to fight recklessly!
You are too injured to fight recklessly!
You are too injured to fight recklessly!
You are too injured to fight recklessly!
You are too injured to fight recklessly!
You are too injured to fight recklessly!
You are too injured to fight recklessly!
You are too injured to fight recklessly!
You are too injured to fight recklessly!
You are too injured to fight recklessly!
You are too injured to fight recklessly!
You are too injured to fight recklessly!
You hit Terence. Your claw misses Terence.
Terence is heavily wounded.
Terence barely misses you.
You closely miss Terence. Your claw misses Terence.
Terence is heavily wounded.
Terence hits you with a +2 short sword of speed!
Terence hits you with a +2 short sword of speed.
* * * LOW HITPOINT WARNING * * *
You closely miss Terence.
Terence is heavily wounded.
Terence hits you with a +2 short sword of speed!
* * * LOW HITPOINT WARNING * * *
Terence hits you with a +2 short sword of speed.
You die...

## #. #.# #.. # +#
#.. .# #.# #.@##.#
#.# #..@..# ##.##
#.#.##########...###
#.
##.###....>.......
#. ##.##.#.......#.#
#. ##.#.#......##.#
# #...........##.#
#.###............
#.# ###########.#
#.# #..


You could see Terence.

Vanquished Creatures
  An iguana (D:3)
  A hound skeleton (D:2)
  An adder (D:3)
  2 worms (D:2)
  A dart slug (D:3)
  3 ball pythons (D:2)
  7 endoplasms
  2 giant cockroaches
  9 goblins
  8 hobgoblins
  3 bats
  2 frilled lizards
  6 kobolds (D:1)
  A rat (D:3)
47 creatures vanquished.

Notes
Turn   | Place    | Note
-------+----------+-------------------------------------------
     0 | D:1      | Descartes the Troll Warper began the quest for the Orb.
     0 | D:1      | Reached XP level 1. HP: 19/19 MP: 1/1
    92 | D:1      | Reached skill level 2 in Maces & Flails
   292 | D:1      | Found Iraded's Antique Weapon Boutique.
   298 | D:1      | Reached XP level 2. HP: 26/27 MP: 2/2
   538 | D:1      | Reached skill level 3 in Maces & Flails
   985 | D:2      | Reached XP level 3. HP: 33/33 MP: 3/3
  1692 | D:2      | Reached XP level 4. HP: 25/41 MP: 4/4
  1796 | D:3      | Reached skill level 4 in Maces & Flails
  2188 | D:3      | Noticed Terence
  2195 | D:3      | Slain by Terence

Illustrated notes

Levels and vault maps discovered:
D:1:      dpeg_arrival_oval, layout_basic, serial_shops, shop
D:2:      cheibrodos_greedy_goblins, layout_basic
D:3:      layout_loops_corners, serial_shops, shop, due_unseen_surprise,
          uniq_terence

Skill      XL: |  1  2  3  4 |
---------------+-------------+-----
Maces & Flails | 2 3 4 |  4.4
Fighting       | |  1.5
Throwing       | |  0.8
Dodging        | |  1.9
Spellcasting   | |  1.2
Translocations | |  2.1

Action                   |  1- 3 |  4- 6 || total
-------------------------+-------+-------++-------
Melee: Mace              |   123 |    27 ||   150
Armor: Robe              |    58 |     6 ||    64
Dodge: Dodged            |    64 |    16 ||    80
